 Dungeon Crawl Stone Soup version 0.17.1-1-g73c8601 (webtiles) character file.

534 coffecat the Ducker (level 7, -8/33 HPs)
             Began as a Spriggan Venom Mage on Jan 4, 2016.
             Mangled by a cyan ugly thing (9 damage)
             ... on level 11 of the Dungeon.
             The game lasted 00:22:46 (4796 turns).

coffecat the Ducker (Spriggan Venom Mage)           Turns: 4796, Time: 00:22:46

Health: -8/33      AC:  3    Str:  4    XL:     7   Next: 4%
Magic:  11/15      EV: 27    Int: 19    God:
Gold:   0          SH:  0    Dex: 21    Spells: 4 memorised, 6 levels left

rFire  + . .     SeeInvis +     n - +0 whip (freeze)
rCold  . . .     Clarity  .     a - +0 robe
rNeg   . . .     SustAt   .     (shield restricted)
rPois  .         Gourm    .     (helmet restricted)
rElec  .         Spirit   .     f - +0 cloak
rCorr  .         Warding  .     (gloves unavailable)
rMut   .         Stasis   .     (boots unavailable)
MR     +....                    (no amulet)
Stlth  ++++......               q - ring of protection from fire
                                (no ring)

@: agile, very quick, somewhat resistant to hostile enchantments, stealthy
A: unfitting armour, see invisible, herbivore 3, speed 3, slow metabolism 2
a: no special abilities


You were on level 11 of the Dungeon.
You were not hungry.

You visited 1 branch of the dungeon, and saw 9 of its levels.

You collected 48 gold pieces.
You spent 48 gold pieces at shops.

Inventory:

Hand Weapons
 g - a +1 vampiric dagger
 h - a +0 club
 i - a +0 whip
 n - a +0 whip of freezing (weapon)
 A - a +1 trident of venom
Missiles
 m - a throwing net (quivered)
Armour
 a - a +0 robe (worn)
 f - a +0 cloak (worn)
Jewellery
 q - a ring of protection from fire (right hand)
 y - a cursed amulet of inaccuracy {unknown}
Scrolls
 e - 2 scrolls of identify
 j - 2 scrolls of recharging {unknown}
 k - 3 scrolls of remove curse
 l - a scroll of noise {unknown}
 o - a scroll of immolation {unknown}
 p - 3 scrolls of fear {unknown}
 r - 2 scrolls of magic mapping
 s - 2 scrolls of fog {unknown}
 v - a scroll of enchant armour {unknown}
 w - a scroll of teleportation {unknown}
Potions
 d - 3 potions of brilliance {unknown}
 u - a potion of flight {unknown}
 C - a potion of poison {unknown}
Books
 b - a Young Poisoner's Handbook

   Spells                             Type                      Level
   a - Sting                          Conjuration/Poison           1
   b - Cure Poison                    Poison                       2
   c - Mephitic Cloud                 Conjuration/Poison/Air       3
   d - Olgreb's Toxic Radiance        Poison                       4
   e - Venom Bolt                     Conjuration/Poison           5
Comestibles
 c - a bread ration
 x - 4 fruits


   Skills:
 + Level 1.0 Fighting
 + Level 1.2 Maces & Flails
 + Level 5.6 Dodging
 + Level 3.9 Stealth
 + Level 5.0 Spellcasting
 + Level 1.8 Conjurations
 + Level 0.1 Air Magic
 + Level 5.3 Poison Magic


You had 6 spell levels left.
You knew the following spells:

 Your Spells              Type           Power        Failure   Level  Hunger
a - Sting                 Conj/Pois      ###.         3%          1    None
b - Mephitic Cloud        Conj/Pois/Air  ##......     14%         3    ##.....
c - Cure Poison           Pois           ####......   1%          2    #......
d - Olgreb's Toxic Radia  Pois           ####....     14%         4    ####...


Dungeon Overview and Level Annotations

Branches:
Dungeon (11/15)
 Temple: D:4-7         Lair: D:8-11         Orc: D:9-12

Altars:
Kikubaaqudgha
Makhleb
Qazlal

Shops:
D:4 !*:

Annotations:
D:5 Pikel
D:6 Dowan, Duvessa
D:8 Maurice


Innate Abilities, Weirdness & Mutations

You are tiny and cannot use many weapons and most armour.
You have supernaturally acute eyesight.
You are a herbivore.
You cover ground extremely quickly.
You need consume almost no food.


Message History

Aiming: Mephitic Cloud
Press: ? - help, Shift-Dir - straight line, p - centaur zombie That beam is likely to hit you.
Continue anyway?
Okay, then.
The centaur is engulfed in noxious fumes.
You completely miss the cyan ugly thing.
The cyan ugly thing is lightly wounded.
The centaur zombie hits you but does no damage.
The cyan ugly thing barely misses you.
You hit the centaur zombie. The centaur zombie closely misses you.
The cyan ugly thing engulfs you! The cyan ugly thing shocks you!
* * * LOW HITPOINT WARNING * * *
The centaur zombie hits you but does no damage.
Read which item? (? for menu, Esc to quit)
Okay, then.
Drink which item? (? for menu, Esc to quit)
You feel agile all of a sudden.
The centaur zombie completely misses you.
The cyan ugly thing engulfs you!
You die...

#####
..§. §§#
#Z# #@#
#u#
#.#####.#
#.......#
#########


You could see a cyan ugly thing and a centaur zombie.

Vanquished Creatures
  3 slaves (D:5)
  A black bear (D:8)
  A centaur (D:8)
  An ogre (D:4)
  A big kobold (D:8)
  A scorpion (D:5)
  An orc wizard (D:7)
  A hound (D:5)
  2 worker ants
  2 adders
  An ooze (D:4)
  An adder skeleton (D:4)
  An adder zombie (D:8)
  3 worms
  5 giant geckos
  7 orcs
  2 bats (D:1)
  2 giant cockroaches
  5 hobgoblins
  4 jackals
  3 quokkas
  2 giant newts
  5 goblins
  A jackal zombie (D:5)
  8 kobolds
  6 rats
70 creatures vanquished.

Notes
Turn   | Place    | Note
--------------------------------------------------------------
     0 | D:1      | coffecat the Spriggan Venom Mage began the quest for the Orb.
     0 | D:1      | Reached XP level 1. HP: 9/9 MP: 5/5
   302 | D:1      | Reached XP level 2. HP: 5/13 MP: 0/6
  1284 | D:2      | Found a burning altar of Makhleb.
  1734 | D:3      | Reached XP level 3. HP: 12/16 MP: 0/8
  2156 | D:3      | Learned a level 3 spell: Mephitic Cloud
  2399 | D:4      | Found Irubb's Assorted Antiques.
  2570 | D:4      | Learned a level 2 spell: Cure Poison
  2606 | D:4      | Found an ancient bone altar of Kikubaaqudgha.
  2641 | D:4      | Found Tidd's Distillery.
  2659 | D:4      | Bought a potion of agility for 48 gold pieces
  2865 | D:4      | Reached XP level 4. HP: 21/21 MP: 7/9
  3076 | D:4      | Found Vacucwys's Book Shoppe.
  3076 | D:4      | Noticed an ogre
  3090 | D:4      | Killed an ogre
  3090 | D:4      | Reached skill level 1 in Conjurations
  3090 | D:4      | Reached XP level 5. HP: 25/25 MP: 7/12
  3374 | D:5      | Entered Level 5 of the Dungeon
  3395 | D:5      | Reached skill level 5 in Poison Magic
  3407 | D:5      | Got a pair of jewelled boots
  3489 | D:5      | Noticed a slave
  3492 | D:5      | Noticed a slave
  3493 | D:5      | Noticed Pikel
  3493 | D:5      | Noticed a slave
  3494 | D:5      | Noticed a slave
  3499 | D:5      | Learned a level 4 spell: Olgreb's Toxic Radiance
  3531 | D:5      | Killed a slave
  3551 | D:5      | Killed a slave
  3741 | D:5      | Killed a slave
  3957 | D:5      | Noticed an ice beast
  4272 | D:6      | Reached XP level 6. HP: 29/29 MP: 10/13
  4280 | D:6      | Noticed Dowan
  4290 | D:6      | Noticed a centaur
  4291 | D:6      | Noticed Duvessa
  4497 | D:8      | Reached skill level 5 in Dodging
  4532 | D:8      | Found a stormy altar of Qazlal.
  4594 | D:8      | Noticed Maurice
  4594 | D:8      | Reached skill level 1 in Maces & Flails
  4599 | D:8      | Reached skill level 1 in Fighting
  4653 | D:8      | Reached skill level 5 in Spellcasting
  4653 | D:8      | Reached XP level 7. HP: 11/33 MP: 1/15
  4677 | D:8      | You fall through a shaft for 3 floors!
  4786 | D:11     | Noticed a cyan ugly thing
  4790 | D:11     | Noticed a centaur zombie
  4795 | D:11     | HP: 1/33 [cyan ugly thing (15)]
  4796 | D:11     | Mangled by a cyan ugly thing

Action                   |  1- 3 |  4- 6 |  7- 9 || total
-------------------------+-------+-------+-------++-------
Melee: Club              |    10 |       |       ||    10
       Unarmed           |     8 |       |       ||     8
       Whip              |    50 |   123 |     2 ||   175
 Cast: Sting             |    73 |    71 |     2 ||   146
       Mephitic Cloud    |       |     5 |     2 ||     7
       Olgreb's Toxic Ra |       |     1 |       ||     1
  Use: Scroll            |     3 |       |       ||     3
       Potion            |       |     3 |     1 ||     4
 Stab: Confused          |       |     3 |       ||     3
       Sleeping          |       |     1 |       ||     1
  Eat: Bread ration      |       |     1 |       ||     1
